 Dungeon Crawl Stone Soup version 0.30-a0-1164-ge08a67761e (webtiles) character file.

Game seed: 5440128966841549014

6741 12572944 the Nimble (level 10, 47/47 HPs)
             Began as a Felid Summoner on Apr 16, 2023.
             Was an Initiate of Gozag.
             Quit the game on level 8 of the Dungeon on Apr 29, 2023.
             The game lasted 00:47:08 (12285 turns).

12572944 the Nimble (Felid Summoner)               Turns: 12285, Time: 00:47:08

Health: 47/47      AC:  6    Str: 10    XL:     10   Next: 75%
Magic:  22/22      EV: 23    Int: 21    God:    Gozag
Gold:   1127       SH:  5    Dex: 17    Spells: 11/23 levels left
                                        Lives:  2   Deaths: 1

rFire   . . .        (weapon unavailable)
rCold   . . .        (shield unavailable)
rNeg    . . .        (body armour unavailable)
rPois   .            (helmet unavailable)
rElec   .            (cloak unavailable)
rCorr   .            (gloves unavailable)
SInv    +            (boots unavailable)
Will    +....        q - amulet of reflection
Stlth   ++           f - +6 ring of strength
HPRegen 0.27/turn    k - +4 ring of protection
MPRegen 0.18/turn

%: reflection
@: quick
A: very small, claws 1, fangs 3, see invisible, speed 1, shaggy fur 2, stealthy
paws, no weapons or thrown items, no armour, multi-lived
a: Renounce Religion, Potion Petition, Call Merchant, Bribe Branch


You were on level 8 of the Dungeon.
You worshipped Gozag.
Gozag was most pleased with you.
You visited 2 branches of the dungeon, and saw 9 of its levels.

You collected 1258 gold pieces.
You paid 131 gold pieces to Gozag.

Inventory:

Jewellery
 f - a +6 ring of strength (left paw)
 i - an amulet of guardian spirit
 k - a +4 ring of protection (right paw)
 q - an amulet of reflection (around neck)
 r - an amulet of the acrobat
 w - an amulet of regeneration
 y - a ring of protection from cold
Wands
 b - a wand of roots (12)
 c - a wand of flame (14)
 t - a wand of mindburst (16)
 x - a wand of polymorph (10)
Scrolls
 e - 4 scrolls of amnesia
 m - 2 scrolls of vulnerability
 n - a scroll of blinking
 o - 4 scrolls of teleportation {@r4}
 u - a scroll of immolation
 A - a scroll of silence
Potions
 a - 2 potions of magic
 d - 3 potions of lignification
 g - 5 potions of brilliance
 h - 2 potions of might {unknown}
 j - a potion of berserk rage {unknown}
 l - a potion of flight {unknown}
 p - 2 potions of haste {@q3}
 s - 3 potions of mutation
 v - 2 potions of degeneration {unknown}
 z - a potion of heal wounds {unknown}
 B - a potion of curing {@q1}


   Skills:
 + Level 7.0 Fighting
 + Level 9.7 Dodging
 - Level 2.6 Stealth
 + Level 7.4 Spellcasting
 - Level 5.0 Hexes
 + Level 8.8 Summonings
 + Level 5.5 Air Magic


You had 11 spell levels left.
You knew the following spells:

 Your Spells              Type           Power      Damage    Failure   Level
b - Call Imp              Summ           90%        N/A       1%          2
c - Call Canine Familiar  Summ           45%        N/A       1%          3
d - Summon Guardian Gole  Hex/Summ       36%        N/A       1%          3
e - Summon Lightning Spi  Summ/Air       38%        N/A       4%          4

Your spell library contained the following spells:

 Spells                   Type           Power      Damage    Failure   Level
 Summon Small Mammal      Summ           100%       N/A       1%          1
 Confusing Touch          Hex            28%        N/A       3%          3
 Tukima's Dance           Hex            28%        N/A       3%          3
 Kiss of Death            Conj/Necr      28%        2d7       9%          1
 Blink                    Tloc           14%        N/A       13%         2
 Lesser Beckoning         Tloc           14%        N/A       13%         2
 Momentum Strike          Conj/Tloc      14%        3d8       13%         2
 Gell's Gravitas          Tloc           7%         N/A       26%         3
 Teleport Other           Tloc           7%         N/A       26%         3
 Dispel Undead            Necr           7%         3d8       63%         4
 Manifold Assault         Tloc           7%         N/A       63%         4
 Passage of Golubria      Tloc           7%         N/A       63%         4
 Yara's Violent Unravell  Hex/Tmut       9%         3d6       63%         5
 Storm Form               Tmut/Air       9%         N/A       100%        7


Dungeon Overview and Level Annotations

Branches:
Dungeon (8/15)             Temple (1/1) D:6
   Lair: D:8-11

Altars:
Ashenzari
Dithmenos
Elyvilon
Fedhas
Gozag
Hepliaklqana
Kikubaaqudgha
Makhleb
Nemelex Xobeh
Qazlal
Ru
Trog
Uskayaw
Vehumet
Wu Jian
Xom
Yredelemnul
Zin

Shops:
D:4 (   D:5 :

Annotations:
D:4 exclusion: downstairs
D:5 exclusions: Eustachio and 2 downstairs
D:7 exclusion: bullfrog


Innate Abilities, Weirdness & Mutations

You have sharp claws.
You have razor-sharp teeth.
You have supernaturally acute eyesight. (SInv)
You cover ground quickly. (Speed+)
You are covered in thick fur. (AC +2)
Your paws help you pounce on unaware monsters.
You are incapable of wielding weapons or throwing items.
You cannot wear armour.
You gain extra lives every three experience levels.


Message History

The bullfrog hits your guardian golem but does no damage.
Your guardian golem disappears in a puff of smoke!
Casting: Summon Guardian Golem (safe; 1% risk of failure)
Confirm with . or Enter, or press ? or * to list all spells.
You swap places.
Your wolf closely misses the bullfrog.
The bullfrog misses you. The bullfrog attacks as you move away!
You block the bullfrog's attack.
Your wolf misses the bullfrog. x2
The bullfrog completely misses you.
Your wolf bites the bullfrog.
The bullfrog hits you.
You see here 6 gold pieces.
The bullfrog attacks as you move away! You block the bullfrog's attack.
Your wolf barely misses the bullfrog.
The bullfrog closely misses your wolf.
Your wolf misses the bullfrog. The bullfrog closely misses your wolf.
Your wolf bites the bullfrog!
The bullfrog closely misses your wolf.
Your wolf barely misses the bullfrog.
The bullfrog closely misses your wolf.
Your wolf bites the bullfrog.
Your wolf bites the bullfrog.
The bullfrog hits your wolf.
Your wolf barely misses the bullfrog.
The bullfrog hits your wolf!
Your wolf bites the bullfrog.
The bullfrog hits your wolf.
Your wolf barely misses the bullfrog.
The bullfrog hits your wolf but does no damage.
Your wolf bites the bullfrog.
The bullfrog dies!
You now have 1121 gold pieces (gained 6).
Your wolf disappears in a puff of smoke!
You now have 1127 gold pieces (gained 6).
Found a hazy altar of Hepliaklqana.
Done exploring.
Done exploring.
Saving game... please wait.
Welcome back, 12572944 the Felid Summoner.
Gozag says: Greed is good.
Press ? for a list of commands and other information.
Done exploring.
Saving game... please wait.
Welcome back, 12572944 the Felid Summoner.
Gozag says: Greed is good.
Press ? for a list of commands and other information.
Are you sure you want to abandon this character and quit the game? (Confirm with "yes".)

##.#####.#.###############
##.# #.#.# #########
.#.#####.#.###.......###
.#....##.#.##..........##
.####.##.#.##...######..#
.## #.##.#.##..## ##.#
..###.##'####..###### #.#
..##.......##...#...# #.#
...........##...@._.# #.#
#.##.......###......# #.#
#..........# ##########.#
###....######## ### #..#
####.# #...# #.####.## ###
#.# #.### #......# ..#
#.## #.# #.###### ..#
#..###.# #.# ..#
##.....#####.#


There were no monsters in sight!

Vanquished Creatures
  Eustachio (D:4)
  A killer bee (D:8)
  A hound (D:7)
  Natasha (D:3)
  An iguana (D:4)
  A sleepcap (D:4)
  2 orc wizards
  A white imp (D:4)
  6 orcs
  An endoplasm (D:2)
  4 goblins
  3 hobgoblins
  3 kobolds
26 creatures vanquished.

Vanquished Creatures (collateral kills)
  A wyvern (D:8)
  A vampire mosquito (D:8)
  3 steam dragons
  2 water moccasins
  A nameless horror (D:7)
  2 black bears (D:6)
  A centaur (D:8)
  3 lemures (D:5)
  3 kobold brigands
  5 bullfrogs
  2 scorpions
  9 killer bees (D:8)
  A howler monkey (D:8)
  3 jellies
  5 orc priests
  5 hounds
  8 iguanas
  Natasha (twice) (D:3)
  6 orc wizards
  Robin (D:2)
  11 gnolls
  5 adders
  2 shadow imps (D:8)
  A white imp (D:8)
  An ufetubus (D:6)
  5 worms
  2 dart slugs
  39 orcs
  6 endoplasms
  2 giant cockroaches
  16 hobgoblins
  5 quokkas
  7 ball pythons
  6 bats
  2 frilled lizards (D:1)
  8 goblins
  23 kobolds
  4 rats
209 creatures vanquished.

Vanquished Creatures (others)
  A deep elf pyromancer (D:8)
  A manticore (D:8)
  Pikel (D:5)
  A cyclops (D:6)
  A slime creature (D:8)
  Menkaure (D:6)
  Edmund (D:5)
  A steam dragon (D:6)
  2 water moccasins
  An orc warrior (D:6)
  3 black bears
  An ice beast (D:8)
  An ogre (D:4)
  A lemure (D:5)
  A centaur (D:6)
  Blork the orc (D:6)
  2 orc wizards (D:6)
  An adder (D:6)
  An ufetubus (D:6)
  3 orcs
  A plant (D:7)
27 creatures vanquished.

Grand Total: 262 creatures vanquished

Notes
Turn   | Place    | Note
-------+----------+-------------------------------------------
     0 | D:1      | 12572944 the Felid Summoner began the quest for the Orb.
     0 | D:1      | Reached XP level 1. HP: 7/7 MP: 4/4
   354 | D:1      | Reached XP level 2. HP: 11/11 MP: 6/6
   539 | D:1      | Learned a level 2 spell: Call Imp
   959 | D:2      | Reached XP level 3. HP: 13/14 MP: 5/8
   968 | D:2      | Learned a level 3 spell: Call Canine Familiar
  1577 | D:2      | Noticed Robin
  1596 | D:2      | Killed Robin
  1597 | D:2      | Reached XP level 4. HP: 18/18 MP: 3/9
  1845 | D:2      | Identified the +2 ring mail "Gubatica" {rC+++ Will- Int+8
                  | Stlth-}
  1891 | D:2      | Found a faded altar of an unknown god.
  2126 | D:2      | Learned a level 3 spell: Summon Guardian Golem
  2193 | D:3      | Noticed Natasha
  2215 | D:3      | Killed Natasha
  2216 | D:3      | Reached skill level 5 in Summonings
  2394 | D:3      | Noticed Natasha
  2403 | D:3      | Killed Natasha
  2404 | D:3      | Reached skill level 3 in Dodging
  2404 | D:3      | Reached skill level 1 in Hexes
  2406 | D:3      | Noticed Natasha
  2420 | D:3      | Killed Natasha
  2421 | D:3      | Reached XP level 5. HP: 12/21 MP: 3/11
  2542 | D:3      | Reached skill level 1 in Fighting
  2685 | D:3      | Killed from afar by an orc priest
  2686 | D:3      | Reached XP level 4. HP: -3/19 MP: 6/10
  2911 | D:3      | Found a hide-covered altar of Uskayaw.
  2915 | D:3      | Noticed a +0 dagger
  2915 | D:3      | Noticed a +0 hand axe
  3317 | D:4      | Noticed an ogre
  3402 | D:4      | Reached XP level 5. HP: 22/22 MP: 4/11
  4002 | D:4      | Gained mutation: You are covered in thick fur. (AC +2)
                  | [Felid growth]
  4002 | D:4      | Reached XP level 6. HP: 21/26 MP: 5/12
  4022 | D:4      | Reached skill level 4 in Dodging
  4336 | D:4      | Learned a level 4 spell: Summon Lightning Spire
  4449 | D:4      | Reached XP level 7. HP: 30/30 MP: 8/14
  4612 | D:4      | Found Icvaledgha's Weapon Emporium.
  4900 | D:5      | Entered Level 5 of the Dungeon
  5001 | D:5      | Noticed Edmund
  5001 | D:5      | Found Lopuoqy's Book Shop.
  5015 | D:5      | Killed Edmund
  5016 | D:5      | Reached skill level 5 in Dodging
  5485 | D:5      | Reached skill level 5 in Hexes
  5861 | D:5      | Noticed Eustachio
  5881 | D:5      | Identified the +2 pair of gloves of the Pit {Rampage rF+
                  | Dex-5 Slay+3}
  6522 | D:6      | Noticed a steam dragon
  6522 | D:6      | Noticed Pikel
  6552 | D:5      | Killed Pikel
  6553 | D:5      | Reached skill level 6 in Dodging
  6553 | D:5      | Reached skill level 5 in Spellcasting
  6553 | D:5      | Reached skill level 1 in Air Magic
  6553 | D:5      | Reached XP level 8. HP: 36/36 MP: 12/16
  6643 | D:4      | Killed Eustachio
  6781 | D:6      | Noticed a troll
  7014 | D:5      | Reached XP level 9. HP: 38/39 MP: 10/18
  7144 | D:4      | Reached skill level 7 in Dodging
  7659 | D:6      | Reached skill level 5 in Fighting
  7729 | D:6      | Found a staircase to the Ecumenical Temple.
  7800 | Temple   | Entered the Ecumenical Temple
  7947 | Temple   | Became a worshipper of Gozag Ym Sagoz the Greedy
  8369 | D:6      | Noticed a cyclops
  8376 | D:6      | Noticed Blork the orc
  8560 | D:6      | Killed Blork the orc
  8683 | D:6      | Killed a cyclops
  8684 | D:6      | Reached skill level 8 in Dodging
  8954 | D:7      | Noticed Menkaure
  8964 | D:6      | Killed Menkaure
  9681 | D:7      | Reached XP level 10. HP: 36/45 MP: 16/20
  9878 | D:7      | Identified the +6 quarterstaff of Vogin {drain, rPois}
 10481 | D:7      | Found a burning altar of Makhleb.
 11413 | D:8      | Reached skill level 9 in Dodging
 11446 | D:8      | Reached skill level 5 in Air Magic
 11482 | D:8      | Noticed a deep elf pyromancer
 11499 | D:8      | Killed a deep elf pyromancer
 11601 | D:8      | Noticed a manticore
 11608 | D:8      | Killed a manticore
 11895 | D:8      | Found a white marble altar of Elyvilon.
 12282 | D:8      | Found a hazy altar of Hepliaklqana.
 12285 | D:8      | Upgraded the game from 0.30-a0-1082-g70414cbcbb to
                  | 0.30-a0-1116-gebefce21f7
 12285 | D:8      | Upgraded the game from 0.30-a0-1116-gebefce21f7 to
                  | 0.30-a0-1164-ge08a67761e
 12285 | D:8      | Quit the game

Illustrated notes

Levels and vault maps discovered:
D:1:      saegor_arrival_simple_e, layout_basic, minmay_pentomino_t4
D:2:      layout_loops_ring, shapermc_ecumenical_altar_petra, uniq_robin
D:3:      layout_rooms, dancing_weapons_uskayaw, uniq_natasha
D:4:      minmay_recursive_quarters, layout_gridville, serial_shops, shop,
          minmay_fractal_squares_diagonal_5
D:5:      layout_layer_cave, nicolae_stop_n_shop_2,
          amcnicky_mini_corridor_feature, grunt_decor_one_mirror,
          reono_crystal_passage, uniq_eustachio, uniq_edmund
D:6:      cheibrodos_fzero, layout_rooms, minmay_temple_entry_grid,
          minmay_small_thing, uniq_blork_the_orc, uniq_pikel
D:7:      corexii_shantytown, layout_layer_cave, lemuel_tele_altar,
          serial_glass, glass_columns_a, glass_columns_b, glass_columns_b,
          glass_columns_a, glass_columns_b, uniq_menkaure
D:8:      layout_basic, old_standard_altar, nicolae_hepliaklqana_hippocampus,
          minmay_pinched_square
Temple:   nicolae_temple_superstar

Skill      XL: |  1  2  3  4  5  6  7  8  9 10 |
---------------+-------------------------------+-----
Spellcasting   | 3 4 5 6 7 |  7.4
Summonings     | 5 6 7 8 |  8.8
Dodging        | 3 4 6 8 9 |  9.7
Hexes          | 2 3 4 5 |  5.0
Fighting       | 1 2 4 6 7 |  7.0
Air Magic      | 1 2 4 5 |  5.5
Stealth        | |  2.6

Action                     |  1- 3 |  4- 6 |  7- 9 | 10-12 || total
---------------------------+-------+-------+-------+-------++-------
  Melee: Unarmed           |    19 |    29 |    97 |    64 ||   209
         Bite              |     2 |     2 |    13 |    10 ||    27
         Punch             |       |       |     2 |     1 ||     3
   Cast: Summon Small Mamm |    38 |    25 |     3 |       ||    66
         Call Imp          |    14 |    22 |    15 |     5 ||    56
         Call Canine Famil |       |    22 |    44 |    21 ||    87
         Summon Guardian G |       |     2 |    22 |     8 ||    32
         Summon Lightning  |       |       |     4 |    10 ||    14
    Use: Scroll            |       |       |    15 |     1 ||    16
         Potion            |       |       |     1 |       ||     1
   Stab: Distracted        |     1 |       |     2 |     1 ||     4
 Armour: Skin              |     2 |     6 |    43 |     8 ||    59
  Dodge: Dodged            |    19 |    28 |   199 |   100 ||   346
  Block: Other             |       |     3 |    60 |    21 ||    84
         Reflection        |       |       |     3 |     1 ||     4

Table legend: (Time is in decaauts)
 A = Elapsed time spent in this place.
 B = Non-inter-level travel time spent in this place.
 C = Inter-level travel time spent in this place.
 D = Time resting spent in this place.
 E = Time spent auto-exploring this place.
 F = Levels seen in this place.
 G = Mean time per level.
                   A        B        C        D        E       F      G
               +--------+--------+--------+--------+--------+-----+--------+
         Total |  10905 |  10061 |    844 |   1111 |   6523 |   9 | 1211.7 |
       Dungeon |  10771 |   9965 |    806 |   1111 |   6440 |   8 | 1346.4 |
        Temple |    134 |     96 |     38 |      0 |     83 |   1 |  134.0 |
               +--------+--------+--------+--------+--------+-----+--------+

Top non-repeatable levels by time:
     D:4: 1915 daAuts
     D:5: 1911 daAuts
     D:7: 1759 daAuts
     D:2: 1343 daAuts
     D:6: 1240 daAuts
     D:8: 1095 daAuts
     D:3: 798 daAuts
     D:1: 706 daAuts
  Temple: 134 daAuts
